TOP OF THE 1ST |
Staten Island Yankees batting - Pitching for Vancouver Canadians : RHP Allen Vesey
|
Pitching: RHP Allen Vesey
|
|
Batting: LHB Aaron Joyner
|
0-0: Swinging Strike 0-1: Foul Ball, location: 2F 0-2: Strikes out looking
|
Batting: RHB Antonio Castillo
|
0-0: Ball 1-0: Fly out, F7 (Flyball, 7LM, EV 86.9 MPH)
|
Batting: RHB John Sabean
|
0-0: Ball 1-0: Ball 2-0: Called Strike 2-1: Foul Ball, location: 2F 2-2: Ball 3-2: Foul Ball, location: 2F 3-2: Strikes out looking
|
Top of the 1st over - 0 runs, 0 hits, 0 errors, 0 left on base; Staten Island 0 - Vancouver 0 |
BOTTOM OF THE 1ST |
Vancouver Canadians batting - Pitching for Staten Island Yankees : RHP Angel Gutierres
|
Pitching: RHP Angel Gutierres
|
|
Batting: LHB Teko van de Sande
|
0-0: Ball 1-0: Ball 2-0: Ball 3-0: Called Strike 3-1: Foul Ball, location: 2F 3-2: Ground out 4-3 (Groundball, 4, EV 100.6 MPH)
|
Batting: RHB Danny Loyola
|
0-0: Ball 1-0: Ball 2-0: Called Strike 2-1: Ball 3-1: SINGLE (Groundball, 13S, EV 64.4 MPH) (infield hit)
|
Batting: LHB Roald Jacobs
|
0-0: Ball 1-0: Called Strike Danny Loyola steals 2nd base 1-1: Ball 2-1: Swinging Strike 2-2: Ground out 3-1 (Groundball, 34S, EV 65.6 MPH) Danny Loyola to third
|
Batting: LHB Adam Santarelli
|
0-0: Ball 1-0: Foul Ball, location: 2F 1-1: Ball 2-1: SINGLE (Groundball, 56D, EV 96.9 MPH) Danny Loyola scores
|
Batting: RHB Bobby Valdez
|
0-0: Called Strike 0-1: Ball 1-1: Ball 2-1: SINGLE (Groundball, 6D, EV 106.9 MPH) Adam Santarelli to second
|
Batting: RHB Bryan Westray
|
0-0: Called Strike 0-1: Ball 1-1: Called Strike 1-2: Foul Ball, location: 2F 1-2: SINGLE (Groundball, 4MD, EV 95.6 MPH) Adam Santarelli to third Bobby Valdez to second Runner from 3rd tries for Home, SAFE, throw by CF to home
|
Batting: SHB Ryan Chicoine
|
0-0: Fly out, F9 (Flyball, 9, EV 95.6 MPH)
|
Bottom of the 1st over - 2 runs, 4 hits, 0 errors, 2 left on base; Staten Island 0 - Vancouver 2 |
TOP OF THE 2ND |
Staten Island Yankees batting - Pitching for Vancouver Canadians : RHP Allen Vesey
|
Batting: RHB Devon Utley
|
0-0: Foul Ball, location: 2F 0-1: Ball 1-1: Called Strike 1-2: Foul Ball, location: 2F 1-2: Foul Ball, location: 2F 1-2: Strikes out looking
|
Batting: LHB Bart Davies
|
0-0: Ball 1-0: Ball 2-0: Ball 3-0: Base on Balls
|
Batting: RHB Dale Altman
|
0-0: Ball 1-0: Called Strike 1-1: Called Strike 1-2: Ball 2-2: Strikes out swinging
|
Batting: RHB Ben Kidder
|
0-0: Ball 1-0: Ball 2-0: Reached on error, E4 (Line Drive, 4, EV 65.0 MPH) Bart Davies to second
|
Batting: RHB John Sprenkel
|
0-0: Ball 1-0: Ball 2-0: Ground out 1-3 (Groundball, 13S, EV 65.6 MPH)
|
Top of the 2nd over - 0 runs, 0 hits, 1 error, 2 left on base; Staten Island 0 - Vancouver 2 |
BOTTOM OF THE 2ND |
Vancouver Canadians batting - Pitching for Staten Island Yankees : RHP Angel Gutierres
|
Batting: RHB Wade Diamond
|
0-0: Ball 1-0: Ball 2-0: Called Strike 2-1: Called Strike 2-2: Strikes out swinging
|
Batting: RHB Jose Molina
|
0-0: SINGLE (Groundball, P, EV 86.9 MPH) (infield hit)
|
Batting: LHB Teko van de Sande
|
0-0: Called Strike 0-1: 2-RUN HOME RUN (Flyball, 89XD, EV 90.0 MPH) (Inside the Park)
|
Batting: RHB Danny Loyola
|
0-0: Ground out 6-3 (Groundball, 6, EV 90.0 MPH)
|
Batting: LHB Roald Jacobs
|
0-0: Foul Ball, location: 2F 0-1: Ball 1-1: Ball 2-1: Foul Ball, location: 2F 2-2: Ball 3-2: Strikes out swinging
|
Bottom of the 2nd over - 2 runs, 2 hits, 0 errors, 0 left on base; Staten Island 0 - Vancouver 4 |
TOP OF THE 3RD |
Staten Island Yankees batting - Pitching for Vancouver Canadians : RHP Allen Vesey
|
Batting: RHB Alfredo Razo
|
0-0: SINGLE (Groundball, 25, EV 62.5 MPH) (infield hit)
|
Batting: LHB Aaron Joyner
|
0-0: Ball 1-0: Called Strike 1-1: Ball 2-1: Ball 3-1: Base on Balls Alfredo Razo to second
|
Batting: RHB Antonio Castillo
|
0-0: Grounds into double play, 6-4-3 (Groundball, 6, EV 88.8 MPH) Alfredo Razo to third
|
Batting: RHB John Sabean
|
0-0: Called Strike 0-1: Ball 1-1: Ground out 4-3 (Groundball, 4S, EV 88.8 MPH)
|
Top of the 3rd over - 0 runs, 1 hit, 0 errors, 1 left on base; Staten Island 0 - Vancouver 4 |
BOTTOM OF THE 3RD |
Vancouver Canadians batting - Pitching for Staten Island Yankees : RHP Angel Gutierres
|
Batting: LHB Adam Santarelli
|
0-0: Ball 1-0: Foul Ball, location: 2F 1-1: Ball 2-1: Ball 3-1: Foul Ball, location: 2F 3-2: Ground out 4-3 (Groundball, 4, EV 88.1 MPH)
|
Batting: RHB Bobby Valdez
|
0-0: Hit by Pitch
|
Batting: RHB Bryan Westray
|
0-0: Called Strike Bobby Valdez steals 2nd base 0-1: Ball 1-1: Foul Ball, location: 2F 1-2: Strikes out swinging
|
Batting: SHB Ryan Chicoine
|
0-0: Called Strike 0-1: Foul Ball, location: 2F 0-2: Ball 1-2: Ball 2-2: Ball 3-2: Foul Ball, location: 2F 3-2: Fly out, F7 (Flyball, 7LS, EV 82.5 MPH)
|
Bottom of the 3rd over - 0 runs, 0 hits, 0 errors, 1 left on base; Staten Island 0 - Vancouver 4 |
TOP OF THE 4TH |
Staten Island Yankees batting - Pitching for Vancouver Canadians : RHP Allen Vesey
|
Batting: RHB Devon Utley
|
0-0: Called Strike 0-1: Ground out 5-3 (Groundball, 56, EV 101.3 MPH)
|
Batting: LHB Bart Davies
|
0-0: Called Strike 0-1: Ball 1-1: Swinging Strike 1-2: Ball 2-2: Reached on error, E4 (Line Drive, 4, EV 68.8 MPH)
|
Batting: RHB Dale Altman
|
0-0: Ball 1-0: Fielders Choice at 2nd, 6-4 (Groundball, 56D, EV 103.1 MPH)
|
Batting: RHB Ben Kidder
|
0-0: Called Strike 0-1: Foul Ball, location: 2F 0-2: Ground out 4-3 (Groundball, 34, EV 88.1 MPH)
|
Top of the 4th over - 0 runs, 0 hits, 1 error, 1 left on base; Staten Island 0 - Vancouver 4 |
BOTTOM OF THE 4TH |
Vancouver Canadians batting - Pitching for Staten Island Yankees : RHP Angel Gutierres
|
Batting: RHB Wade Diamond
|
0-0: Called Strike 0-1: Ball 1-1: SINGLE (Groundball, 6MS, EV 63.8 MPH) (infield hit)
|
Batting: RHB Jose Molina
|
0-0: Called Strike 0-1: Ball 1-1: Ball 2-1: Grounds into double play, 4-6-3 (Groundball, 4, EV 100.6 MPH)
|
Batting: LHB Teko van de Sande
|
0-0: SINGLE (Groundball, 56D, EV 104.4 MPH)
|
Batting: RHB Danny Loyola
|
0-0: Ball 1-0: Called Strike 1-1: Ball 2-1: Fly out, F1 (Popup, P, EV 86.9 MPH)
|
Bottom of the 4th over - 0 runs, 2 hits, 0 errors, 1 left on base; Staten Island 0 - Vancouver 4 |
TOP OF THE 5TH |
Staten Island Yankees batting - Pitching for Vancouver Canadians : RHP Allen Vesey
|
Batting: RHB John Sprenkel
|
0-0: Fly out, F9 (Flyball, 9, EV 92.5 MPH)
|
Batting: RHB Alfredo Razo
|
0-0: Ball 1-0: Called Strike 1-1: Ball 2-1: Called Strike 2-2: Strikes out swinging
|
Batting: LHB Aaron Joyner
|
0-0: Called Strike 0-1: Ball 1-1: Called Strike 1-2: Strikes out swinging
|
Top of the 5th over - 0 runs, 0 hits, 0 errors, 0 left on base; Staten Island 0 - Vancouver 4 |
BOTTOM OF THE 5TH |
Vancouver Canadians batting - Pitching for Staten Island Yankees : RHP Angel Gutierres
|
Batting: LHB Roald Jacobs
|
0-0: Called Strike 0-1: SOLO HOME RUN (Flyball, 89XD, EV 115.6 MPH), Distance : 449 ft
|
Batting: LHB Adam Santarelli
|
0-0: Ball 1-0: Ball 2-0: Ball 3-0: Called Strike 3-1: Foul Ball, location: 2F 3-2: SINGLE (Groundball, 4, EV 99.4 MPH)
|
Batting: RHB Bobby Valdez
|
0-0: Called Strike 0-1: Ball 1-1: Ball 2-1: Foul Ball, location: 2F 2-2: Fly out, F8 (Line Drive, 8RM, EV 96.3 MPH)
|
Pitching: LHP Jesse Riggs
|
|
Batting: RHB Bryan Westray
|
0-0: Called Strike 0-1: Ball 1-1: Ball 2-1: Fly out, F7 (Flyball, 7D, EV 103.1 MPH)
|
Batting: SHB Ryan Chicoine
|
0-0: Foul Ball, location: 2F 0-1: Called Strike Adam Santarelli is caught stealing 2nd base 2-4
|
Bottom of the 5th over - 1 run, 2 hits, 0 errors, 0 left on base; Staten Island 0 - Vancouver 5 |
TOP OF THE 6TH |
Staten Island Yankees batting - Pitching for Vancouver Canadians : RHP Allen Vesey
|
Batting: RHB Antonio Castillo
|
0-0: Ball 1-0: Ball 2-0: Ball 3-0: Foul Ball, location: 2F 3-1: Swinging Strike 3-2: Strikes out swinging
|
Batting: RHB John Sabean
|
0-0: Ball 1-0: Ball 2-0: Ground out 6-3 (Groundball, 6, EV 82.5 MPH)
|
Batting: RHB Devon Utley
|
0-0: Swinging Strike 0-1: Ball 1-1: Swinging Strike 1-2: Foul Ball, location: 2F 1-2: Ball 2-2: Ball 3-2: Strikes out swinging
|
Top of the 6th over - 0 runs, 0 hits, 0 errors, 0 left on base; Staten Island 0 - Vancouver 5 |
BOTTOM OF THE 6TH |
Vancouver Canadians batting - Pitching for Staten Island Yankees : LHP Jesse Riggs
|
Batting: SHB Ryan Chicoine
|
0-0: Called Strike 0-1: Ball 1-1: Called Strike 1-2: Strikes out looking
|
Batting: RHB Wade Diamond
|
0-0: SINGLE (Groundball, 56D, EV 99.4 MPH)
|
Batting: RHB Jose Molina
|
0-0: Called Strike Wade Diamond steals 2nd base 0-1: Ball 1-1: 2-RUN HOME RUN (Flyball, 7LD, EV 98.8 MPH), Distance : 362 ft
|
Batting: LHB Teko van de Sande
|
0-0: Ground out 3-1 (Groundball, 34, EV 103.1 MPH)
|
Batting: RHB Danny Loyola
|
0-0: Ball 1-0: Ball 2-0: Ball 3-0: Called Strike 3-1: Base on Balls
|
Batting: LHB Roald Jacobs
|
0-0: Ball 1-0: Called Strike 1-1: Ball 2-1: Ball 3-1: SINGLE (Groundball, 34S, EV 61.3 MPH) (infield hit) Danny Loyola to second
|
Pitching: LHP Josh Shaw
|
|
Batting: LHB Adam Santarelli
|
0-0: Foul Ball, location: 2F 0-1: Foul Ball, location: 2F 0-2: Ball 1-2: Foul Ball, location: 2F 1-2: Ball 2-2: Ball 3-2: Foul Ball, location: 2F 3-2: Strikes out looking
|
Bottom of the 6th over - 2 runs, 3 hits, 0 errors, 2 left on base; Staten Island 0 - Vancouver 7 |
TOP OF THE 7TH |
Staten Island Yankees batting - Pitching for Vancouver Canadians : RHP Allen Vesey
|
Batting: LHB Bart Davies
|
0-0: Foul Ball, location: 2F 0-1: Ball 1-1: Ground out 4-3 (Groundball, 4, EV 88.8 MPH)
|
Batting: RHB Dale Altman
|
0-0: Ground out 5-3 (Groundball, 56S, EV 84.4 MPH)
|
Batting: RHB Ben Kidder
|
0-0: Ball 1-0: Foul Ball, location: 2F 1-1: Ball 2-1: Called Strike 2-2: Ball 3-2: Strikes out swinging
|
Top of the 7th over - 0 runs, 0 hits, 0 errors, 0 left on base; Staten Island 0 - Vancouver 7 |
BOTTOM OF THE 7TH |
Vancouver Canadians batting - Pitching for Staten Island Yankees : LHP Josh Shaw
|
Batting: RHB Bobby Valdez
|
0-0: Fly out, F9 (Flyball, 9LD, EV 98.1 MPH)
|
Pinch Hitting: SHB Zach Hillard
|
0-0: Called Strike 0-1: Swinging Strike 0-2: Strikes out swinging
|
Batting: SHB Ryan Chicoine
|
0-0: SINGLE (Groundball, 5S, EV 73.1 MPH) (infield hit)
|
Batting: RHB Wade Diamond
|
0-0: Called Strike Ryan Chicoine steals 2nd base 0-1: SINGLE (Line Drive, 9LS, EV 110.0 MPH) Ryan Chicoine to third
|
Batting: RHB Jose Molina
|
0-0: Called Strike 0-1: SINGLE (Groundball, 56D, EV 106.3 MPH) Ryan Chicoine scores Wade Diamond to second
|
Batting: LHB Teko van de Sande
|
0-0: Called Strike 0-1: Foul Ball, location: 2F 0-2: Strikes out swinging
|
Bottom of the 7th over - 1 run, 3 hits, 0 errors, 2 left on base; Staten Island 0 - Vancouver 8 |
TOP OF THE 8TH |
Staten Island Yankees batting - Pitching for Vancouver Canadians : RHP Allen Vesey
|
Now at 1B: Corey Davis
|
|
Batting: RHB John Sprenkel
|
0-0: Ball 1-0: DOUBLE (Flyball, 8LD, EV 87.5 MPH)
|
Batting: RHB Alfredo Razo
|
0-0: Ball 1-0: Ball 2-0: Swinging Strike 2-1: Called Strike 2-2: Strikes out looking
|
Batting: LHB Aaron Joyner
|
0-0: Ground out 6-3 (Groundball, 56D, EV 106.9 MPH)
|
Batting: LHB Victor Fiallos
|
0-0: Called Strike 0-1: DOUBLE (Flyball, 8LXD, EV 90.0 MPH) John Sprenkel scores
|
Batting: RHB John Sabean
|
0-0: Called Strike 0-1: Ball 1-1: Ball 2-1: DOUBLE (Line Drive, 9LS, EV 113.8 MPH) Victor Fiallos scores
|
Batting: RHB Devon Utley
|
0-0: Swinging Strike 0-1: Called Strike 0-2: Ball 1-2: Ball 2-2: Strikes out swinging
|
Top of the 8th over - 2 runs, 3 hits, 0 errors, 1 left on base; Staten Island 2 - Vancouver 8 |
BOTTOM OF THE 8TH |
Vancouver Canadians batting - Pitching for Staten Island Yankees : LHP Josh Shaw
|
Batting: RHB Danny Loyola
|
0-0: Ball 1-0: Fly out, F6 (Popup, 6M, EV 47.5 MPH)
|
Batting: LHB Roald Jacobs
|
0-0: Swinging Strike 0-1: Ground out 4-3 (Groundball, 4M, EV 104.4 MPH)
|
Batting: LHB Adam Santarelli
|
0-0: Called Strike 0-1: Ball 1-1: Ball 2-1: Swinging Strike 2-2: Ball 3-2: DOUBLE (Flyball, 8LXD, EV 96.9 MPH)
|
Batting: RHB Bobby Valdez
|
0-0: Fly out, F7 (Flyball, 7D, EV 95.6 MPH)
|
Bottom of the 8th over - 0 runs, 1 hit, 0 errors, 1 left on base; Staten Island 2 - Vancouver 8 |
TOP OF THE 9TH |
Staten Island Yankees batting - Pitching for Vancouver Canadians : RHP Allen Vesey
|
Batting: LHB Bart Davies
|
0-0: Ball 1-0: Called Strike 1-1: Called Strike 1-2: Strikes out swinging
|
Pitching: RHP Young-ghil Sohn
|
|
Batting: RHB Dale Altman
|
0-0: Foul Ball, location: 2F 0-1: Ball 1-1: Ball 2-1: Foul Ball, location: 2F 2-2: Strikes out swinging, 2-3 out at first.
|
Batting: RHB Ben Kidder
|
0-0: Ball 1-0: Ball 2-0: Called Strike 2-1: Ground out U3 (Groundball, 34S, EV 90.6 MPH)
|
Top of the 9th over - 0 runs, 0 hits, 0 errors, 0 left on base; Staten Island 2 - Vancouver 8 |
|